 Dungeon Crawl Stone Soup version 0.25.1-8-g42b30a86e7 (webtiles) character file.

Game seed: 8888460024413014737

175 funkygono the Chiller (level 5, -1/39 HPs)
             Began as a Draconian Ice Elementalist on Dec 14, 2020.
             Killed by nerve-wracking pain
             ... invoked by Grinder
              (9 damage)
             ... on level 3 of the Dungeon.
             The game lasted 00:05:43 (3389 turns).

funkygono the Chiller (Draconian Ice Elementalist)  Turns: 3389, Time: 00:05:43

Health: -1/39      AC:  6    Str: 10    XL:     5   Next: 29%
Magic:  7/9        EV: 13    Int: 17    God:
Gold:   138        SH:  0    Dex: 11    Spells: 6/10 levels left

rFire    . . .     SeeInvis .   k - +1 whip
rCold    . . .     Gourm    .   (no shield)
rNeg     . . .     Faith    .   (armour unavailable)
rPois    .         Spirit   .   (helmet restricted)
rElec    .         Reflect  .   n - +0 cloak
rCorr    +         Harm     .   (no gloves)
MR       .....                  (no boots)
Stlth    ++........             (no amulet)
HPRegen  0.13/turn              a - ring of resist corrosion
MPRegen  0.11/turn              (no ring)

@: no status effects
A: unfitting armour, cold-blooded, AC +5
a: no special abilities


You were on level 3 of the Dungeon.
You were not hungry.

You visited 1 branch of the dungeon, and saw 3 of its levels.

You collected 138 gold pieces.

Inventory:

Hand Weapons
 k - a +1 whip (weapon)
Missiles
 f - 56 stones (quivered)
Armour
 n - a +0 cloak (worn)
Jewellery
 a - a ring of resist corrosion (left hand)
Scrolls
 i - a scroll of remove curse {unknown}
 l - 2 scrolls of magic mapping
Potions
 c - a potion of cancellation
 d - a potion of magic {unknown}
 e - a potion of brilliance {unknown}
 h - a potion of curing {unknown}
 j - a potion of heal wounds {unknown}
 m - a potion of haste {unknown}
Comestibles
 b - 4 rations
 g - 2 chunks of flesh


   Skills:
 + Level 0.4 Fighting
 + Level 0.8 Maces & Flails
 * Level 2.8 Dodging
 - Level 2.0 Stealth
 + Level 3.3 Spellcasting
 + Level 5.1 Ice Magic


You had 6 spell levels left.
You knew the following spells:

 Your Spells              Type           Power        Failure   Level  Hunger
a - Freeze                Ice            ###.         1%          1    None
b - Frozen Ramparts       Ice            ###...       6%          3    ###....

Your spell library contained the following spells:

 Spells                   Type           Power        Failure   Level  Hunger
 Beastly Appendage        Tmut           #.....       17%         1    None
 Ozocubu's Armour         Chrm/Ice       ##......     19%         3    ###....
 Sticks to Snakes         Tmut           #.......     26%         2    ##.....
 Spider Form              Tmut/Pois      #.........   45%         3    ###....
 Hailstorm                Conj/Ice       ##......     52%         4    ####...
 Ice Form                 Ice/Tmut       ##......     52%         4    ####...
 Summon Ice Beast         Ice/Summ       ##......     52%         4    ####...
 Blade Hands              Tmut           #.........   99%         5    ######.


Dungeon Overview and Level Annotations

Branches:
Dungeon (3/15)

Altars:

Annotations:
D:3 Grinder


Innate Abilities, Weirdness & Mutations

Your plain brown scales are hard. (AC +5)
You cannot fit into any form of body armour.
You are cold-blooded and may be slowed by cold attacks.


Message History

You suddenly lose the ability to move!
Grinder resists.
The wall freezes Grinder.
Grinder hits you!
You writhe in agony.
The frozen ramparts melt away.
Grinder hits you.
You writhe in agony.
Grinder says, "Just stop there for a second..."
Grinder hits you.
You writhe in agony.
* * * LOW HITPOINT WARNING * * *
You can move again.
You barely miss Grinder.
You tail-slap Grinder, but do no damage.
Grinder is moderately wounded.
Grinder hits you.
* * * LOW HITPOINT WARNING * * *
Okay, then.
You closely miss Grinder.
Grinder is moderately wounded.
Grinder hits you but does no damage. Grinder gestures at you.
Pain shoots through your body!
You die...

.......# #.######
.......# ##......#
.......# #....##.#
......÷####....##.#
......)÷..'....##.#
.....######....##.#
###...>..##....##.#
# #......##....##.#
#......##....5@.#
##......#....####
######......#
...)..# ... .#


You could see Grinder.

Vanquished Creatures
  An orc wizard (D:3)
  6 adders
  A worm (D:3)
  5 leopard geckos
  4 orcs (D:3)
  7 bats
  5 giant cockroaches
  9 goblins
  16 hobgoblins
  2 jackals (D:3)
  8 kobolds
  A quokka (D:2)
  2 ball pythons (D:1)
  5 frilled lizards
  4 rats
76 creatures vanquished.

Notes
Turn   | Place    | Note
-------+----------+-------------------------------------------
     0 | D:1      | funkygono the Draconian Ice Elementalist began the quest
                  | for the Orb.
     0 | D:1      | Reached XP level 1. HP: 14/14 MP: 3/3
   210 | D:1      | Reached XP level 2. HP: 20/20 MP: 1/5
  1264 | D:2      | Reached XP level 3. HP: 26/26 MP: 4/6
  1774 | D:2      | Found a faded altar of an unknown god.
  1889 | D:2      | Reached XP level 4. HP: 28/33 MP: 3/8
  1994 | D:2      | Learned a level 3 spell: Frozen Ramparts
  2915 | D:3      | Reached skill level 5 in Ice Magic
  2915 | D:3      | Reached XP level 5. HP: 38/38 MP: 5/9
  3373 | D:3      | Noticed Grinder
  3373 | D:3      | Paralysed by Grinder for 4 turns
  3384 | D:3      | Paralysed by Grinder for 4 turns
  3389 | D:3      | Killed from afar by Grinder

Illustrated notes

Levels and vault maps discovered:
D:1:      sevenhm_arrival_forest_fort_large_2, layout_loops_cross,
          minmay_misc_feat_doors
D:2:      layout_basic, first_ration, chequers_ecumenical_altar_simple_redux
D:3:      layout_basic, uniq_grinder

Skill      XL: |  1  2  3  4 |
---------------+-------------+-----
Dodging        | 2 |  2.8
Stealth        | 2 |  2.0
Spellcasting   | 3 |  3.3
Ice Magic      | 5 |  5.1
Fighting       | |  0.4
Maces & Flails | |  0.8

Action                   |  1- 3 |  4- 6 || total
-------------------------+-------+-------++-------
Melee: Unarmed           |     8 |       ||     8
       Tailslap          |     3 |     6 ||     9
       Club              |    30 |       ||    30
       Whip              |    23 |    55 ||    78
 Cast: Freeze            |    44 |    26 ||    70
       Frozen Ramparts   |       |     6 ||     6
  Use: Scroll            |     2 |     4 ||     6
 Stab: Sleeping          |     2 |     1 ||     3
  Eat: Chunk             |     4 |     5 ||     9
Armor: Skin              |    28 |    28 ||    56
Dodge: Dodged            |    63 |    50 ||   113
